 Dungeon Crawl Stone Soup version 0.29-a0-464-g50448035db (webtiles) character file.

Game seed: 691570872859887968

6450 Bruhh the Fighter (level 10, -5/115 HPs)
             Began as an Ogre Earth Elementalist on May 20, 2022.
             Was a Believer of Vehumet.
             Succumbed to orange demon's concentrated venom
             ... on level 9 of the Dungeon.
             The game lasted 00:16:10 (13621 turns).

Bruhh the Fighter (Ogre Earth Elementalist)        Turns: 13621, Time: 00:16:12

Health: -5/115     AC:  6    Str: 14      XL:     10   Next: 99%
Magic:  17/31      EV: 10    Int: 20      God:    Vehumet [**....]
Gold:   541        SH:  0    Dex: 14 (15) Spells: 21/25 levels left

rFire   . . .      SeeInvis .   M - +2 spear (venom)
rCold   . . .      Faith    .   (no shield)
rNeg    . . .      Spirit   .   G - +0 steam dragon scales
rPois   .          Reflect  .   (helmet restricted)
rElec   .          Harm     .   (no cloak)
rCorr   .          Rampage  .   (gloves unavailable)
Will    +....                   (boots unavailable)
Stlth   ++........              (no amulet)
HPRegen 0.29/turn               k - +6 ring of dexterity
MPRegen 0.22/turn               w - ring of magical power

@: lethally poisoned (-5 -> -38), slowed, studying Transmutations, very slow
A: large, unfitting armour, tough skin 1
a: Renounce Religion


You were on level 9 of the Dungeon.
You worshipped Vehumet.
Vehumet was pleased with you.
You visited 2 branches of the dungeon, and saw 10 of its levels.

You collected 541 gold pieces.

Inventory:

Hand Weapons
 f - a +0 dire flail
 x - a +1 flail of draining
 M - a +2 spear of venom (weapon)
Missiles
 m - 4 large rocks
 J - 2 throwing nets
 O - 50 stones
Armour
 b - a +0 robe
 i - a +0 buckler
 G - +0 steam dragon scales (worn)
 N - a +0 kite shield
Jewellery
 a - an amulet of the acrobat
 c - a ring of protection from cold
 k - a +6 ring of dexterity (left hand)
 w - a ring of magical power (right hand)
 A - a ring of resist corrosion
Wands
 I - a wand of charming (7)
 K - a wand of polymorph (11)
 L - a wand of iceblast (12)
Scrolls
 d - 4 scrolls of magic mapping {unknown}
 e - 8 scrolls of identify {unknown}
 g - 3 scrolls of fog {unknown}
 j - 3 scrolls of immolation
 l - a scroll of poison {unknown}
 n - 9 scrolls of teleportation {unknown}
 o - 2 scrolls of noise {unknown}
 p - a scroll of vulnerability {unknown}
 q - a scroll of enchant weapon {unknown}
 y - a scroll of blinking {unknown}
 D - 5 scrolls of fear {unknown}
 F - a scroll of amnesia {unknown}
 H - a scroll of enchant armour {unknown}
Potions
 r - a potion of lignification
 s - a potion of degeneration
 t - 2 potions of flight {unknown}
 u - a potion of brilliance
 v - a potion of mutation {unknown}
 z - a potion of heal wounds {unknown}
 B - a potion of might {unknown}
 E - a potion of ambrosia {unknown}


   Skills:
 - Level 12.0 Fighting
 - Level 1.7 Dodging
 - Level 1.4 Stealth
 - Level 8.0 Spellcasting
 - Level 5.0 Conjurations
 - Level 0.8 Transmutations
 - Level 6.0 Earth Magic
 + Level 6.7 Evocations


You had 21 spell levels left.
You knew the following spells:

 Your Spells              Type           Power      Damage    Failure   Level
a - Sandblast             Erth           64%        2d14      1%          1
b - Stone Arrow           Conj/Erth      60%        3d10      2%          3

Your spell library contained the following spells:

 Spells                   Type           Power      Damage    Failure   Level
 Frozen Ramparts          Ice            16%        1d3       26%         3
 Passwall                 Tmut/Erth      17%        N/A       3%          2
 Petrify                  Tmut/Erth      21%        N/A       21%         4
 Gell's Gravitas          Tloc           8%         N/A       26%         3
 Lesser Beckoning         Tloc           8%         N/A       26%         3
 Teleport Other           Tloc           8%         N/A       26%         3


Dungeon Overview and Level Annotations

Branches:
Dungeon (9/15)             Temple (1/1) D:5
   Lair: D:8-11         Orc: D:9-12

Altars:
Ashenzari
Dithmenos
Elyvilon
Fedhas
Hepliaklqana
Kikubaaqudgha
Nemelex Xobeh
Okawaru
Qazlal
Ru
Trog
Uskayaw
Vehumet
Xom
Yredelemnul
The Shining One
Lugonu

Shops:
D:3 (

Annotations:
D:9 Amaemon


Innate Abilities, Weirdness & Mutations

You are too large for most types of armour.
You have tough skin. (AC +1)


Message History

* * * LOW HITPOINT WARNING * * *
You are lethally poisoned!
Amaemon claws you.
* * * LOW HITPOINT WARNING * * *
Amaemon tail-slaps you but does no damage.
The orange demon stings you but does no damage.
As you read the scroll labelled FUGULE WURINK, it crumbles to dust.
The creatures around you are filled with an inner flame!
It was a scroll of immolation.
* * * LOW HITPOINT WARNING * * *
You feel extremely sick.
The scorpion closely misses you. x3; The scorpion barely misses you.
The scorpion closely misses you. Amaemon barely misses you. x2
Amaemon tail-slaps you.
* * * LOW HITPOINT WARNING * * *
The orange demon barely misses you.
Unknown command.
You feel better.
The scorpion stings you but does no damage.
The scorpion closely misses you. The scorpion misses you.
The scorpion barely misses you. The scorpion closely misses you.
Amaemon closely misses you. Amaemon barely misses you. Amaemon tail-slaps you.
* * * LOW HITPOINT WARNING * * *
You are poisoned.
Amaemon poisons you! The orange demon stings you from afar!
* * * LOW HITPOINT WARNING * * *
You are more poisoned.
You have difficulty breathing.
* * * LOW HITPOINT WARNING * * *
You feel yourself slow down.
The scorpion stings you but does no damage.
The scorpion completely misses you.
Casting: Stone Arrow (mildly dangerous; 2% risk of failure)
Confirm with . or Enter, or press ? or * to list all spells.
Aiming: Stone Arrow (mildly dangerous; 2% risk of failure)
Press: ? - help, Shift-Dir - straight line, f/p - Amaemon
Aim: Amaemon, wielding a +2 demon whip of venom and carrying a wand of acid (1) (moderately wounded, inner flame, 67% to hit)
The stone arrow hits Amaemon.
Flame seeps out of Amaemon.
Amaemon is heavily wounded.
You die...

#####################
#.................64s
#.............#######
#...........4.# # #.........s6..#
#.
######.........s@s.##########.###
...............s.s...............
.)...............................
..........##########.............
#########)# ..###########
#######.##########.............
................)..............
######.........................
#.######..##########......


You could see Amaemon (inner flame), an orange demon (inner flame, curare) and 5
scorpions.

Vanquished Creatures
  2 two-headed ogres (D:9)
  Joseph (D:9)
  A hornet (D:8)
  Sigmund (D:6)
  A wyvern (D:7)
  5 yaks (D:8)
  A shadow (D:9)
  2 steam dragons
  A water moccasin (D:5)
  An ice beast (D:7)
  A sky beast (D:7)
  3 orc warriors
  3 black bears
  An ogre (D:5)
  2 kobold brigands (D:6)
  A gnoll sergeant (D:8)
  A necrophage (D:6)
  5 scorpions
  4 wights (D:8)
  10 killer bees
  2 howler monkeys
  2 jellies
  3 orc priests
  6 hounds
  A gnoll shaman (D:9)
  4 iguanas
  12 orc wizards
  Robin (D:4)
  8 gnolls
  10 adders
  A shadow imp (D:7)
  An ufetubus (D:6)
  A worm (D:2)
  5 dart slugs
  26 orcs
  6 ball pythons
  9 endoplasms
  6 giant cockroaches
  18 goblins
  10 hobgoblins
  13 kobolds
  4 quokkas
  2 bats
  4 frilled lizards
  8 rats
210 creatures vanquished.

Vanquished Creatures (others)
  5 toadstools (D:2)
5 creatures vanquished.

Grand Total: 215 creatures vanquished

Notes
Turn   | Place    | Note
-------+----------+-------------------------------------------
     0 | D:1      | Bruhh the Ogre Earth Elementalist began the quest for the
                  | Orb.
     0 | D:1      | Reached XP level 1. HP: 16/16 MP: 3/3
   280 | D:1      | Reached XP level 2. HP: 3/24 MP: 0/5
  1485 | D:2      | Found a faded altar of an unknown god.
  1618 | D:2      | Reached XP level 3. HP: 31/31 MP: 5/7
  1879 | D:2      | You fall into a shaft and drop 1 floor!
  2731 | D:3      | Reached XP level 4. HP: 39/39 MP: 8/8
  2761 | D:3      | Found a sparkling altar of Nemelex Xobeh.
  2853 | D:3      | Found Icsigafo's Weapon Boutique.
  3525 | D:4      | Noticed Robin
  3619 | D:5      | Entered Level 5 of the Dungeon
  3826 | D:5      | HP: 1/36 [hound (3)]
  3833 | D:5      | Reached XP level 5. HP: 9/45 MP: 1/10
  4093 | D:5      | Reached skill level 5 in Earth Magic
  4332 | D:5      | Learned a level 3 spell: Stone Arrow
  4465 | D:5      | Found a staircase to the Ecumenical Temple.
  4516 | D:5      | Reached XP level 6. HP: 52/53 MP: 3/12
  4759 | D:5      | Reached skill level 1 in Conjurations
  4856 | D:5      | Reached skill level 5 in Spellcasting
  4959 | D:5      | Found a white marble altar of Elyvilon.
  4963 | D:5      | Noticed a water moccasin
  4973 | D:5      | Killed a water moccasin
  4974 | D:5      | Reached XP level 7. HP: 35/59 MP: 11/14
  5293 | D:4      | Found a shimmering altar of Xom.
  5439 | D:4      | Killed Robin
  5443 | D:4      | Found a glowing golden altar of the Shining One.
  5858 | D:4      | Reached skill level 2 in Fighting
  5977 | D:4      | Reached skill level 3 in Fighting
  6320 | D:4      | Found a blossoming altar of Fedhas.
  6320 | D:4      | Found a shadowy altar of Dithmenos.
  6425 | Temple   | Entered the Ecumenical Temple
  6448 | Temple   | Became a worshipper of Vehumet
  6496 | D:6      | Reached skill level 4 in Fighting
  6507 | D:6      | Noticed Sigmund
  6722 | D:6      | Killed Sigmund
  6723 | D:6      | Reached skill level 5 in Fighting
  6723 | D:6      | Reached XP level 8. HP: 75/83 MP: 13/17
  6741 | D:6      | Reached skill level 6 in Fighting
  6866 | D:6      | Found a stormy altar of Qazlal.
  7087 | D:6      | Found a broken altar of Ashenzari.
  7111 | D:6      | Reached skill level 7 in Fighting
  7362 | D:6      | Reached skill level 8 in Fighting
  7602 | D:6      | Reached skill level 9 in Fighting
  7858 | D:6      | Reached * piety under Vehumet
  7858 | D:6      | Offered knowledge of Freeze by Vehumet.
  7883 | D:6      | Reached skill level 10 in Fighting
  8166 | D:6      | HP: 4/93 [orc priest/divine providence (10)]
  8740 | D:6      | Reached XP level 9. HP: 68/102 MP: 16/18
  9000 | D:6      | Reached skill level 11 in Fighting
  9231 | D:7      | Reached skill level 12 in Fighting
  9675 | D:7      | Noticed a moth of wrath
  9679 | D:7      | Found a bloodstained altar of Trog.
 10219 | D:8      | Found a basalt altar of Yredelemnul.
 10809 | D:8      | Offered knowledge of Shock by Vehumet.
 10810 | D:8      | Reached skill level 1 in Evocations
 10810 | D:8      | Reached XP level 10. HP: 95/115 MP: 22/22
 10892 | D:8      | Reached ** piety under Vehumet
 11815 | D:8      | Reached skill level 5 in Conjurations
 12177 | D:9      | Paralysed by a hornet for 2 turns
 13027 | D:9      | Offered knowledge of Frozen Ramparts by Vehumet.
 13241 | D:9      | Noticed a two-headed ogre
 13242 | D:9      | Noticed Joseph
 13249 | D:9      | Killed a two-headed ogre
 13250 | D:9      | Reached skill level 5 in Evocations
 13254 | D:9      | Killed Joseph
 13259 | D:9      | Noticed a two-headed ogre
 13281 | D:9      | Killed a two-headed ogre
 13603 | D:9      | Noticed an orange demon
 13604 | D:9      | Noticed Amaemon
 13620 | D:9      | HP: 5/115 [asphyx]
 13621 | D:9      | Succumbed to orange demon's concentrated venom

Illustrated notes

Levels and vault maps discovered:
D:1:      kilobyte_arrival_exit_the_forest, layout_rooms
D:2:      layout_loops_ring, shapermc_ecumenical_altar_starsandcircs,
          minmay_gold_behind_fungi, st_stairs_5
D:3:      minmay_skewed_foursquare, layout_rooms, nemelex_diamond_rough_becter,
          serial_shops, shop
D:4:      minmay_chambers_of_threes, layout_basic, kennysheep_mini_moat,
          mainiacjoe_overflow_alcove_4, gammafunk_temple_overflow_elements,
          hangedman_decor_growths, uniq_robin
D:5:      layout_cave_pools, elyvilon_altar_3, minmay_temple_entry_poolview
D:6:      layout_basic, mainiacjoe_overflow_cross_hatched,
          nicolae_overflow_crystal_walls, dk_noncrumbling_2,
          hangedman_abyss_or_decor_stagger, uniq_sigmund,
          uniq_crazy_yiuf_cottage
D:7:      layout_rooms, tgw_trog
D:8:      layout_basic, mainiacjoe_overflow_alcove_1
D:9:      layout_long_grid, grunt_temple_overflow_order_and_chaos_2,
          uniq_amaemon, uniq_joseph
Temple:   corrupted_temple

Skill      XL: |  1  2  3  4  5  6  7  8  9 10 |
---------------+-------------------------------+-----
Earth Magic    | 3 4 5 6 |  6.0
Spellcasting   | 3 4 5 6 8 |  8.0
Conjurations   | 3 4 5 |  5.0
Fighting       | 5 10 12 | 12.0
Evocations     | 1 6 |  6.7
Dodging        | |  1.7
Stealth        | |  1.4
Transmutations | |  0.8

Action                   |  1- 3 |  4- 6 |  7- 9 | 10-12 || total
-------------------------+-------+-------+-------+-------++-------
Melee: Unarmed           |    26 |       |       |       ||    26
       Dire flail        |    67 |    74 |       |       ||   141
       Flail             |       |       |    37 |    12 ||    49
Throw: Large rock        |     6 |     1 |       |       ||     7
       Stone             |     9 |       |       |       ||     9
 Cast: Sandblast         |    16 |    38 |   159 |     2 ||   215
       Stone Arrow       |       |     4 |    48 |    98 ||   150
  Use: Potion            |       |     3 |       |     6 ||     9
       Scroll            |       |       |       |     1 ||     1
 Stab: Sleeping          |     1 |     2 |       |       ||     3
Armor: Robe              |    32 |    31 |    20 |       ||    83
       Steam dragon scal |       |       |    14 |    25 ||    39
       Skin              |       |       |       |     5 ||     5
Dodge: Dodged            |    63 |    82 |    69 |    55 ||   269

Table legend: (Time is in decaauts)
 A = Elapsed time spent in this place.
 B = Non-inter-level travel time spent in this place.
 C = Inter-level travel time spent in this place.
 D = Time resting spent in this place.
 E = Time spent auto-exploring this place.
 F = Levels seen in this place.
 G = Mean time per level.
                   A        B        C        D        E       F      G
               +--------+--------+--------+--------+--------+-----+--------+
         Total |  13690 |  13203 |    487 |   1239 |   9943 |  10 | 1369.0 |
       Dungeon |  13652 |  13178 |    474 |   1239 |   9938 |   9 | 1516.9 |
        Temple |     37 |     24 |     13 |      0 |      5 |   1 |   37.0 |
               +--------+--------+--------+--------+--------+-----+--------+

Top non-repeatable levels by time:
     D:8: 2518 daAuts
     D:6: 1951 daAuts
     D:5: 1878 daAuts
     D:1: 1498 daAuts
     D:4: 1443 daAuts
     D:7: 1348 daAuts
     D:9: 1120 daAuts
     D:2: 1031 daAuts
     D:3: 861 daAuts
  Temple: 37 daAuts
